 Dungeon Crawl Stone Soup version 0.26-a0-611-g354ed81 (webtiles) character file.

Game seed: 431904926961653011

552 Blackhawk the Skirmisher (level 7, -2/93 HPs)
             Began as a Minotaur Berserker on Sept 5, 2020.
             Was a Believer of Trog.
             Slain by a centaur (4 damage)
             ... on level 5 of the Dungeon.
             The game lasted 00:04:01 (3833 turns).

Blackhawk the Skirmisher (Minotaur Berserker)       Turns: 3833, Time: 00:04:02

Health: -2/93      AC:  2    Str: 24    XL:     7   Next: 8%
Magic:  6/6        EV: 10    Int:  4    God:    Trog [**....]
Gold:   234        SH:  9    Dex:  9    Spells: 6/6 levels left

rFire    . . .     SeeInvis .   a - +0 hand axe
rCold    . . .     Faith    .   m - +0 kite shield
rNeg     . . .     Spirit   .   b - +0 animal skin
rPois    .         Reflect  .   (helmet restricted)
rElec    .         Harm     .   e - scarf {repulsion}
rCorr    .                      (no gloves)
MR       .....                  (no boots)
Stlth    ..........             i - amulet of magic regeneration
HPRegen  0.25/turn              (no ring)
MPRegen  0.35/turn              (no ring)

@: berserking (expiring), repel missiles, very quick
A: retaliatory headbutt, horns 2
a: Berserk, Trog's Hand, Renounce Religion


You were on level 5 of the Dungeon.
You worshipped Trog.
Trog was pleased with you.
You visited 1 branch of the dungeon, and saw 5 of its levels.

You collected 234 gold pieces.

Inventory:

Hand Weapons
 a - a +0 hand axe (weapon)
Armour
 b - a +0 animal skin (worn)
 e - a scarf of repulsion (worn)
 m - a +0 kite shield (worn)
 v - a scarf of invisibility
Jewellery
 i - an amulet of magic regeneration (around neck)
Wands
 o - a wand of paralysis (7)
 r - a wand of polymorph (8)
Scrolls
 d - a scroll of enchant armour {unknown}
 f - 2 scrolls of random uselessness {unknown}
 g - 6 scrolls of teleportation {unknown}
 h - a scroll of magic mapping {unknown}
 q - 4 scrolls of identify {unknown}
 t - a scroll of noise {unknown}
 u - a scroll of remove curse
 w - a scroll of amnesia {unknown}
Potions
 c - a potion of curing {unknown}
 j - a potion of invisibility {unknown}
 k - a potion of haste {unknown}
 l - 2 potions of berserk rage {unknown}
 n - a potion of degeneration {unknown}
 p - a potion of lignification {unknown}
 s - a potion of heal wounds {unknown}


   Skills:
 + Level 5.8 Fighting
 + Level 5.7 Axes
 + Level 5.0 Armour
 - Level 3.2 Dodging
 + Level 3.3 Shields


You had 6 spell levels left.
You didn't know any spells.
Your spell library was empty.

Dungeon Overview and Level Annotations

Branches:
Dungeon (5/15)             Temple (0/1) D:4

Altars:
Uskayaw
The Shining One


Innate Abilities, Weirdness & Mutations

You reflexively headbutt those who attack you in melee.
You have a pair of horns on your head.


Message History

You slash Prince Ribbit!
Prince Ribbit is almost dead.
Prince Ribbit hits you!!
* * * LOW HITPOINT WARNING * * *
The centaur wields a +0 shortbow.
The centaur shoots an arrow.
The arrow hits you!
* * * LOW HITPOINT WARNING * * *
You hit Prince Ribbit.
You kill Prince Ribbit!
Trog accepts your kill.
Trog appreciates your killing of a magic user.
Prince Ribbit returns to his original shape as he dies.
Your Armour skill increases to level 5!
Your Shields skill increases to level 3!
You have reached level 7!
A centaur zombie comes into view.
You completely miss the centaur. You headbutt the centaur!
The centaur is heavily wounded.
The centaur unwields a +0 shortbow.
The centaur hits you.
You die...

.... .... ...# ...## ###
####+###..<... #.. .
#......#...... #..
...#......'.....######..
Z.........#######.......
.#..c@(...............
#.###†#............#'
..#............#.
...#............#.
#...##############.
#...##.............
#...##.......<.....
#<..##....##.......
########....##.


You could see a centaur and a centaur zombie.

Vanquished Creatures
  Prince Ribbit (D:5)
  A howler monkey (D:4)
  2 hounds
  An orc wizard (D:3)
  A centaur skeleton (D:4)
  Jessica (D:2)
  An iguana (D:4)
  A worker ant (D:4)
  3 gnolls (D:2)
  A howler monkey skeleton (D:4)
  2 adders
  An adder skeleton (D:4)
  5 worms
  3 leopard geckos
  3 orcs
  5 giant cockroaches
  5 goblins
  9 hobgoblins
  3 jackals (D:3)
  4 kobolds
  A quokka (D:2)
  2 ball pythons
  3 bats
  6 frilled lizards
  5 rats
70 creatures vanquished.

Notes
Turn   | Place    | Note
-------+----------+-------------------------------------------
     0 | D:1      | Blackhawk the Minotaur Berserker began the quest for the
                  | Orb.
     0 | D:1      | Reached XP level 1. HP: 19/19 MP: 0/0
   201 | D:1      | Reached XP level 2. HP: 27/27 MP: 1/1
  1081 | D:2      | Found a faded altar of an unknown god.
  1132 | D:2      | Noticed Jessica
  1135 | D:2      | Killed Jessica
  1135 | D:2      | Reached XP level 3. HP: 33/33 MP: 2/2
  1229 | D:2      | Reached ** piety under Trog
  1403 | D:2      | Reached XP level 4. HP: 26/41 MP: 3/3
  2086 | D:3      | Found a glowing golden altar of the Shining One.
  2267 | D:3      | Reached skill level 1 in Shields
  2267 | D:3      | Reached XP level 5. HP: 21/47 MP: 4/4
  2858 | D:4      | Found a hide-covered altar of Uskayaw.
  2970 | D:4      | Reached skill level 5 in Fighting
  2970 | D:4      | Reached skill level 5 in Axes
  2986 | D:4      | Reached XP level 6. HP: 44/56 MP: 5/5
  3430 | D:4      | Found a staircase to the Ecumenical Temple.
  3657 | D:5      | Entered Level 5 of the Dungeon
  3824 | D:5      | Noticed Prince Ribbit
  3830 | D:5      | HP: 1/84 [centaur/arrow (10)]
  3831 | D:5      | Killed Prince Ribbit
  3831 | D:5      | Reached skill level 5 in Armour
  3831 | D:5      | Reached XP level 7. HP: 1/62 MP: 6/6
  3833 | D:5      | Slain by a centaur

Illustrated notes

Levels and vault maps discovered:
D:1:      lemuel_arrival_behind_the_door_small, layout_basic
D:2:      layout_basic, chequers_ecumenical_altar_simple, nrook_campfire,
          uniq_jessica
D:3:      layout_rooms, old_standard_altar, minmay_misc_feat_square
D:4:      layout_rooms, lemuel_round_altar, minmay_temple_entry_sparse_star,
          serial_curves, eino_curves_02, eino_curves_01, st_stairs_8
D:5:      layout_gridville, lemuel_round_altar, serial_shops, shop,
          serial_glass, glass_columns_a, glass_columns_a, due_unseen_surprise,
          fedhas_altar_fruit_tree, uniq_prince_ribbit1

Skill      XL: |  1  2  3  4  5  6 |
---------------+-------------------+-----
Fighting       | 4 5 |  5.8
Axes           | 4 5 |  5.7
Armour         | 3 4 5 |  5.0
Dodging        | 3 |  3.2
Shields        | 1 2 3 |  3.3

Action                   |  1- 3 |  4- 6 |  7- 9 || total
-------------------------+-------+-------+-------++-------
Melee: Hand axe          |    60 |   133 |     1 ||   194
       Headbutt          |    12 |    17 |     1 ||    30
Invok: Berserk           |       |     4 |       ||     4
  Use: Scroll            |       |     1 |       ||     1
 Stab: Distracted        |       |     2 |       ||     2
Armor: Animal skin       |     6 |    14 |       ||    20
Dodge: Dodged            |    34 |    48 |       ||    82
       Repelled          |       |     1 |       ||     1
Block: Kite shield       |       |    51 |       ||    51

Table legend: (Time is in decaauts)
 A = Elapsed time spent in this place.
 B = Non-inter-level travel time spent in this place.
 C = Inter-level travel time spent in this place.
 D = Time resting spent in this place.
 E = Time spent auto-exploring this place.
 F = Levels seen in this place.
 G = Mean time per level.
                   A        B        C        D        E       F      G
               +--------+--------+--------+--------+--------+-----+--------+
         Total |   3889 |   3797 |     92 |    295 |   3018 |   5 |  777.8 |
       Dungeon |   3889 |   3797 |     92 |    295 |   3018 |   5 |  777.8 |
               +--------+--------+--------+--------+--------+-----+--------+

Top non-repeatable levels by time:
     D:2: 1143 daAuts
     D:3: 998 daAuts
     D:1: 896 daAuts
     D:4: 676 daAuts
     D:5: 175 daAuts
